 Dungeon Crawl Stone Soup version 0.26-a0-660-gc07710193c (webtiles) character file.

Game seed: 8318035978123282060

773478 Birvald the Ruinous (level 27, -8/188 HPs)
             Began as a Gargoyle Earth Elementalist on Oct 5, 2020.
             Was the Champion of Vehumet.
             Mangled by Upre Wamp the pandemonium lord (34 damage)
             ... while paralysed by Upre Wamp
             ... on level 23 of a ziggurat on Oct 6, 2020.
             The game lasted 03:23:42 (85581 turns).

Birvald the Ruinous (Gargoyle Earth Elementalist)  Turns: 85581, Time: 03:23:43

Health: -8/188     AC: 38    Str: 22    XL:     27
Magic:  58/58      EV:  2    Int: 26    God:    Vehumet [******]
Gold:   7278       SH:  0    Dex: 20    Spells: 17/71 levels left

rFire    + . .     SeeInvis +   y - +9 eveningstar (drain)
rCold    + + .     Faith    .   (no shield)
rNeg     + + +     Spirit   .   W - +2 robe {Archmagi}
rPois    ∞         Reflect  .   A - +2 helmet of the Desert {Dex+7}
rElec    +         Harm     .   I - +2 cloak of the Valley of Death {rC+ Regen+}
rCorr    .         Rampage  .   R - +2 pair of gloves {Str+3}
MR       ++...     Clarity  +   T - +2 pair of boots {run}
Stlth    ++........             B - amulet of magic regeneration
HPRegen  0.81/turn              E - ring "Zisauddi" {Wiz Str+4 Dex+3 Slay+2}
MPRegen  0.61/turn              F - ring of Saolinul {rF+ rN++ MP+9 EV+4 SInv}

@: paralysed, flying, slowed, studying Dodging, silenced, quick
A: big wings, clarity, cold resistance 1, negative energy resistance 1,
electricity resistance, unbreathing, petrification resistance, rot immunity, AC
+20
}: 3/15 runes: decaying, serpentine, silver
a: Stop Flying, Renounce Religion


You were on level 23 of a ziggurat.
You worshipped Vehumet.
Vehumet was exalted by your worship.
You visited 10 branches of the dungeon, and saw 48 of its levels.
You visited the Abyss 1 time.
You visited 1 bazaar.
You visited 1 ziggurat, and saw 23 of its levels.
You also visited: Sewer, Bailey and Gauntlet.

You collected 9536 gold pieces.
You spent 2258 gold pieces at shops.

Inventory:

Hand Weapons
 b - a +4 demon whip of venom
 o - a +9 sacred scourge of holy wrath
 s - a +8 eveningstar of draining
 y - a +9 eveningstar of draining (weapon)
 D - a +6 demon whip of electrocution
Missiles
 P - 4 throwing nets (quivered)
Armour
 z - a +2 helmet of see invisible
 A - the +2 helmet of the Desert (worn) {Dex+7}
   (You found it on level 5 of the Depths)

   It affects your dexterity (+7).
 I - the +2 cloak of the Valley of Death (worn) {rC+ Regen+}
   (You found it on level 18 of a ziggurat)

   It protects you from cold.
   It increases your rate of regeneration.
 K - a +2 robe of fire resistance
 R - a +2 pair of gloves of strength (worn)
 T - a +2 pair of boots of running (worn)
 W - a +2 robe of the Archmagi (worn)
Jewellery
 g - an uncursed ring of resist corrosion
 u - the ring of Poumn {rF+++ Str-2 Int-3 Dex+6 SInv}
   (You took it off a deep elf demonologist on level 3 of the Elven Halls)

   [ring of dexterity]

   It affects your strength (-2).
   It affects your intelligence (-3).
   It affects your dexterity (+6).
   It renders you almost immune to fire.
   It lets you see invisible.
 w - a +6 ring of intelligence
 B - an amulet of magic regeneration (around neck)
 E - the ring "Zisauddi" (left hand) {Wiz Str+4 Dex+3 Slay+2}
   (You found it on level 1 of the Vaults)

   [ring of wizardry]

   It improves your spell success rate.
   It affects your strength (+4).
   It affects your dexterity (+3).
   It affects your accuracy and damage with ranged weapons and melee attacks
   (+2).
 F - the ring of Saolinul (right hand) {rF+ rN++ MP+9 EV+4 SInv}
   (You found it on level 22 of a ziggurat)

   [ring of evasion]

   It affects your evasion (+4).
   It protects you from fire.
   It greatly protects you from negative energy.
   It affects your magic capacity (+9).
   It lets you see invisible.
 O - the ring of Existentialism {Wiz rC+ Dex+8 Stlth-}
   (You found it on level 1 of the Vaults)

   [ring of wizardry]

   It improves your spell success rate.
   It affects your dexterity (+8).
   It protects you from cold.
   It makes you less stealthy.
Wands
 l - a wand of disintegration (62)
 G - a wand of digging (12)
 J - a wand of acid (22)
 Z - a wand of iceblast (41)
Scrolls
 a - 18 scrolls of fog
 m - 12 scrolls of enchant armour
 n - 6 scrolls of fear
 r - 22 scrolls of teleportation
 t - 42 scrolls of remove curse
 v - 10 scrolls of magic mapping
 x - 4 scrolls of blinking
 C - 10 scrolls of amnesia
 N - 10 scrolls of identify
 Q - 5 scrolls of holy word
Potions
 c - 9 potions of heal wounds
 d - 3 potions of invisibility
 e - 15 potions of mutation
 f - 2 potions of magic
 h - 25 potions of curing
 i - 8 potions of might
 j - 5 potions of berserk rage
 k - 12 potions of cancellation
 H - 9 potions of brilliance
 M - 7 potions of ambrosia
Books
 p - a manual of Dodging
Miscellaneous
 q - a box of beasts (3/3)
 L - a phantom mirror
 S - a condenser vane (1/2)
 U - a tin of tremorstones (3/3)


   Skills:
 + Level 23.3 Fighting
 - Level 16.0 Maces & Flails
 - Level 6.0 Armour
 - Level 15.0 Dodging
 - Level 2.1 Stealth
 - Level 2.0 Unarmed Combat
 + Level 22.7 Spellcasting
 + Level 23.6 Conjurations
 + Level 11.2 Necromancy
 - Level 0.7 Transmutations
 - Level 22.0 Fire Magic
 - Level 22.0 Earth Magic
 - Level 10.0 Evocations


You had 17 spell levels left.
You knew the following spells:

 Your Spells              Type           Power        Failure   Level
a - Shatter               Erth           ########..   1%          9
b - Stone Arrow           Conj/Erth      ######       0%          3
c - Lee's Rapid Deconstr  Erth           ########..   0%          5
d - Iron Shot             Conj/Erth      ########..   0%          6
e - Bolt of Magma         Conj/Fire/Erth ########..   0%          5
f - Irradiate             Conj/Tmut      #######...   1%          5
g - Ignition              Fire           ########..   1%          8
h - Lehudib's Crystal Sp  Conj/Erth      ########..   1%          8
i - Borgnjor's Vile Clut  Necr/Erth      ########..   1%          5

Your spell library contained the following spells:

 Spells                   Type           Power        Failure   Level
 Chain Lightning          Conj/Air       #######...   8%          8
 Absolute Zero            Ice            #####.....   100%        9
 Animate Skeleton         Necr           ######       0%          1
 Magic Dart               Conj           ####         0%          1
 Pain                     Necr           ####         0%          1
 Sandblast                Erth           ######       0%          1
 Passwall                 Tmut/Erth      #######.     0%          2
 Searing Ray              Conj           ######       0%          2
 Conjure Flame            Conj/Fire      ########     0%          3
 Sticky Flame             Conj/Fire      ########     0%          4
 Fireball                 Conj/Fire      ########..   0%          5
 Iskenderun's Battlesphe  Conj           ########     0%          5
 Apportation              Tloc           #####.       1%          1
 Beastly Appendage        Tmut           ######       1%          1
 Corona                   Hex            #####..      1%          1
 Freeze                   Ice            ####         1%          1
 Sting                    Tmut/Pois      ####         1%          1
 Summon Small Mammal      Summ           ####         1%          1
 Blink                    Tloc           N/A          1%          2
 Call Imp                 Summ           #####...     1%          2
 Corpse Rot               Necr/Air       N/A          1%          2
 Ensorcelled Hibernation  Hex/Ice        #####.       1%          2
 Poisonous Vapours        Pois/Air       #####.       1%          2
 Swiftness                Air            #####...     1%          2
 Wereblood                Tmut           ######..     1%          2
 Call Canine Familiar     Summ           #####...     1%          3
 Confusing Touch          Hex            #####...     1%          3
 Dazzling Flash           Conj/Hex       ######       1%          3
 Frozen Ramparts          Ice            #####.       1%          3
 Gell's Gravitas          Tloc           #####.....   1%          3
 Ignite Poison            Fire/Tmut/Pois #######.     1%          3
 Inner Flame              Hex/Fire       #######.     1%          3
 Lesser Beckoning         Tloc           #####.....   1%          3
 Mephitic Cloud           Conj/Pois/Air  #######.     1%          3
 Ozocubu's Armour         Ice            #####...     1%          3
 Portal Projectile        Hex/Tloc       #####.       1%          3
 Spider Form              Tmut/Pois      #####.....   1%          3
 Static Discharge         Conj/Air       #######.     1%          3
 Summon Guardian Golem    Hex/Summ       #####...     1%          3
 Teleport Other           Tloc           #####...     1%          3
 Tukima's Dance           Hex            #####...     1%          3
 Vampiric Draining        Necr           #######...   1%          3
 Animate Dead             Necr           #######...   1%          4
 Dispel Undead            Necr           #######.     1%          4
 Fulminant Prism          Conj/Hex       #######...   1%          4
 Hailstorm                Conj/Ice       #######.     1%          4
 Iskenderun's Mystic Bla  Conj/Tloc      #######.     1%          4
 Leda's Liquefaction      Hex/Erth       #######...   1%          4
 Olgreb's Toxic Radiance  Pois           #####...     1%          4
 Petrify                  Tmut/Erth      #######.     1%          4
 Agony                    Necr           #######.     1%          5
 Excruciating Wounds      Necr           #######...   1%          5
 Lightning Bolt           Conj/Air       #######...   1%          5
 Conjure Ball Lightning   Conj/Air       #######...   1%          6
 Freezing Cloud           Conj/Ice/Air   #######...   1%          6
 Orb of Destruction       Conj           ########..   1%          7
 Spellforged Servitor     Conj/Summ      #######...   1%          7
 Yara's Violent Unravell  Hex/Tmut       #####.....   3%          5
 Cause Fear               Hex            #####.....   4%          4
 Ice Form                 Ice/Tmut       #####...     4%          4
 Passage of Golubria      Tloc           N/A          4%          4
 Summon Ice Beast         Ice/Summ       #####...     4%          4
 Summon Lightning Spire   Summ/Air       #####...     4%          4
 Simulacrum               Ice/Necr       ######....   8%          6
 Blade Hands              Tmut           ######....   11%         5
 Alistair's Intoxication  Tmut/Pois      #####....    12%         5
 Metabolic Englaciation   Hex/Ice        #####.....   14%         5
 Silence                  Hex/Air        #####.....   14%         5
 Summon Demon             Summ           #####.....   14%         5
 Summon Forest            Summ/Tloc      #####.....   14%         5
 Summon Mana Viper        Hex/Summ       #####...     14%         5
 Ozocubu's Refrigeration  Ice            #####.....   19%         6
 Hydra Form               Tmut           ######....   47%         6
 Eringya's Noxious Bog    Tmut/Pois      #####.....   52%         6
 Dispersal                Tloc           #####.....   56%         6
 Invisibility             Hex            #####...     56%         6
 Shadow Creatures         Summ           N/A          56%         6
 Dragon Form              Tmut           ######....   95%         7
 Summon Hydra             Summ           #####.....   98%         7
 Discord                  Hex            #####.....   100%        8
 Disjunction              Tloc           #####.....   100%        8
 Tornado                  Air            #####.....   100%        9
 Sublimation of Blood     Necr           Unusable     N/A         2
 Statue Form              Tmut/Erth      Unusable     N/A         6

Dungeon Overview and Level Annotations

Branches:
Dungeon (15/15)            Temple (1/1) D:5            Lair (6/6) D:11
  Swamp (4/4) Lair:3        Snake (4/4) Lair:2        Slime (0/5) Lair:5
    Orc (2/2) D:10            Elf (3/3) Orc:2        Vaults (5/5) D:13
  Crypt (3/3) Vaults:3       Tomb (0/3) Crypt:3      Depths (5/5) D:15
    Zot (0/5) Depths:5      Sewer (visited)          Bailey (visited)
Gauntlet (visited)

Altars:
Ashenzari
Cheibriados
Dithmenos
Elyvilon
Fedhas
Gozag
Hepliaklqana
Kikubaaqudgha
Makhleb
Nemelex Xobeh
Okawaru
Qazlal
Ru
Sif Muna
Trog
Uskayaw
Vehumet
Wu Jian
Xom
Yredelemnul
Zin
The Shining One
Jiyva
Lugonu

Shops:
D:14 }!?(:   Orc:2 =([:   Elf:2 [   Snake:2 !   Vaults:3 }   Depths:2 }
Depths:3 }=}

Portals:
Hell: Depths:1 Depths:2 Depths:3 Depths:4 Depths:5
Abyss: Depths:4
Pandemonium: Depths:3
Trove: D:14 (give 4 potions of resistance)

Annotations:
Snake:1 1 runed translucent door, Xuhuq's ghost, adept DsFi


Innate Abilities, Weirdness & Mutations

You are resistant to torment.
Your stone body is resilient. (AC +20)
You are immune to poison.
Your large and strong wings let you fly indefinitely.
You resist negative energy. (rN+)
You are resistant to electric shocks. (rElec)
You can survive without breathing.
You are immune to petrification.
You are immune to rotting.
You possess an exceptional clarity of mind.
Your flesh is cold resistant. (rC+)


Message History

Vuyn Osio tramples you but does no damage.
Weunedgh is engulfed in freezing vapours.
Weunedgh hits you but does no damage.
The great orb of eyes is engulfed in freezing vapours.
The floating eye is engulfed in dark miasma.
The floating eye is poisoned.
The floating eye dies!
Xidghanto is engulfed in freezing vapours.
Viuvitet gestures at you. The iron shot hits you!!!
* * * LOW HITPOINT WARNING * * *
Ufrijeze splashes you!
* * * LOW HITPOINT WARNING * * *
Iskudy is engulfed in freezing vapours.
Iskudy hits you but does no damage.
Fuiweje is engulfed in freezing vapours.
Fuiweje completely misses you.
The Killer Klown is engulfed in freezing vapours.
Upre Wamp is engulfed in freezing vapours.
Upre Wamp tail-slaps you!!
You die...

...##...........##
..............§§§§§§...§
..............§§§§§§°...
...........§§§..........
...........§§§.&§○§.§§.!
...........§§§..p&§°§.§|
............§.)§G&G☼§§§}
.........&.§§§§&&&&§...|
.........§§.§§t&@&&§....
...........§.§§&&&§§....
..............§§§§§.....
........................
...##...........##......
..###...........# #.....
....... ..... .......
.....


You could see Fuiweje, Iskudy, Kukhe, Muadoc, Pewokay, Plog, Rirunee
(silencing), Ufrijeze, Upre Wamp, Viuvitet (clouds), Vuyn Osio, Weunedgh,
Witiunuw, Xidghanto, a Killer Klown, a great orb of eyes (summoned), an
apocalypse crab and a floating eye (summoned).

Vanquished Creatures
  6 pandemonium lords
  5 orbs of fire
  Mennas (Depths:5)
  7 ancient liches
  A juggernaut (Depths:2)
  Boris (thrice) (Vaults:5 Crypt:1 Depths:5)
  Sojobo (Vaults:4)
  3 Killer Klowns (Zig:23)
  Bai Suzhen (Snake:4)
  the Lernaean hydra (Swamp:4)
  Margery (Depths:4)
  2 shard shrikes (Zig:13)
  A golden dragon (shapeshifter) (Depths:2)
  10 golden dragons
  Jory (Depths:3)
  Nikola (Snake:4)
  A profane servitor (Zig:21)
  A Tzitzimitl (Zig:15)
  4 bone dragons
  A Brimstone Fiend (Zig:5)
  12 liches
  12 tentacled monstrosities
  3 iron giants (Zig:16)
  Rupert (D:14)
  2 hellephants
  Jorgrun (Snake:2)
  2 Hell Sentinels
  Asterion (Snake:1)
  5 quicksilver dragons
  A quicksilver dragon (shapeshifter) (Zig:23)
  5 deep elf blademasters
  6 deep elf master archers
  7 titans
  7 Executioners
  4 tentacled starspawn
  5 sphinxes
  12 tengu reavers
  Kirke (Lair:5)
  8 ancient champions
  8 shadow dragons
  4 thorn hunters
  3 storm dragons
  Agnes (Snake:2)
  A shadow dragon (shapeshifter) (Zig:23)
  11 nagarajas
  A storm dragon (shapeshifter) (Vaults:3)
  3 revenants
  A draconian monk (Zig:21)
  The ghost of Plog the Eviscerator, an adept FeBe of Trog (Vaults:1)
  23 vault wardens
  7 deep elf sorcerers
  A draconian scorcher (Depths:5)
  22 fire giants
  7 frost giants
  3 ghost moths (Zig:14)
  9 balrugs
  Aizul (Snake:1)
  3 cacodemons
  A warmonger (Zig:15)
  5 iron dragons
  A draconian shifter (Depths:5)
  A draconian stormcaller (Depths:5)
  18 ironheart preservers
  8 deep elf elementalists
  5 curse skulls
  2 emperor scorpions (Zig:14)
  An emperor scorpion (shapeshifter) (Vaults:5)
  8 spriggan defenders
  A caustic shrike skeleton (Crypt:1)
  24 very ugly things
  13 reapers
  2 caustic shrike zombies (Zig:17)
  9 ghouls
  21 stone giants
  2 juggernaut skeletons
  6 war gargoyles
  A stone giant (shapeshifter) (Zig:23)
  2 blood saints (Zig:15)
  3 corrupters (Zig:15)
  2 lorocyprocas
  A green draconian (Depths:5)
  A black draconian (Depths:5)
  17 deep elf demonologists
  2 bennus (Zig:11)
  Azrael (D:13)
  A minotaur (Gauntlet)
  9 vampire knights
  2 yellow draconians (Depths:5)
  9 deep elf annihilators
  5 entropy weavers
  10 spark wasps
  16 dire elephants
  2 dire elephants (shapeshifter)
  Snorg (D:13)
  7 eidola
  The ghost of Wotyac the Cleaver, a journeyman PaFi of Okawaru (Lair:2)
  A merfolk javelineer (Zig:14)
  7 green deaths (Zig:22)
  20 ettins
  4 crystal guardians
  18 deep elf death magi
  5 blizzard demons
  A spectral golden dragon (Crypt:1)
  Josephine (Lair:6)
  3 quicksilver dragon zombies
  9 deep elf high priests
  23 fire dragons
  2 mummy priests (Zig:11)
  13 jiangshi
  30 yaktaur captains
  The ghost of ikjuyhgtrf the Severer, a journeyman HOFi of Nemelex Xobeh (D:12)
  11 great orbs of eyes
  12 boulder beetles
  22 ice dragons
  7 rakshasas
  9 small abominations
  35 vault guards
  A merfolk impaler (Depths:3)
  A caustic shrike simulacrum (Depths:1)
  13 naga warriors
  A hell beast (Zig:15)
  6 ghost crabs
  31 hydras
  14 centaur warriors
  A spectral stone giant (Crypt:1)
  14 ogre magi
  An alligator snapping turtle (shapeshifter) (Zig:23)
  26 anacondas
  9 shambling mangroves
  A spectral fire giant (Crypt:1)
  10 spriggan air magi
  An alligator (shapeshifter) (D:10)
  3 alligator snapping turtles (Zig:14)
  32 dancing weapons
  5 death knights
  35 two-headed ogres
  7 deep troll shamans
  4 death yaks (Lair:2)
  6 deep troll earth magi
  16 alligators
  A hell hog (Zig:17)
  2 thrashing horrors (Zig:21)
  9 vampire magi
  6 orc high priests
  Urug (Lair:6)
  3 titan zombies
  5 shock serpents
  18 spriggans
  21 naga sharpshooters
  A sun demon (Zig:21)
  6 tengu warriors
  20 large abominations
  5 wretched stars
  27 hell knights
  A titan skeleton (Crypt:3)
  24 deep elf knights
  A spriggan berserker (Depths:4)
  4 iron trolls
  2 soul eaters
  8 fire crabs (Zig:19)
  5 shadow wraiths
  The ghost of angryZebra the Stinger, a novice DrVM (D:9)
  3 sixfirhies
  A sea snake (shapeshifter) (Zig:23)
  A spectral catoblepas (Crypt:1)
  4 golden dragon zombies
  A storm dragon skeleton (Vaults:1)
  An unseen horror (D:15)
  A cherub (Zig:15)
  4 salamander mystics
  2 spatial maelstroms
  6 death drakes (Zig:22)
  An iron troll (shapeshifter) (Zig:23)
  33 skeletal warriors
  5 spriggan druids
  A sea snake (Zig:14)
  A ghost moth zombie (Crypt:3)
  23 deep trolls
  8 glowing orange brains
  A quicksilver dragon simulacrum (Crypt:1)
  6 flayed ghosts
  6 starcursed masses (Zig:21)
  2 shadow demons (Zig:15)
  21 swamp dragons
  15 deep elf archers
  10 naga ritualists
  A lindwurm (shapeshifter) (Zig:23)
  3 tengu zombies
  A spectral wolf spider (Crypt:1)
  20 ironbrand convokers
  An obsidian statue (Zig:3)
  2 anaconda skeletons
  A wizard (Vaults:2)
  A harpy (shapeshifter) (Vaults:2)
  An iron dragon zombie (Depths:2)
  A lindwurm (Lair:6)
  3 sphinx zombies
  7 phantasmal warriors
  23 necromancers
  6 harpies
  42 ugly things
  3 orange crystal statues (Zig:3)
  A spectral ice dragon (Crypt:1)
  2 orb spiders
  8 orc sorcerers
  4 shadow dragon zombies
  89 deep elf magi
  16 orc knights
  8 wolf spiders
  A faun (shapeshifter) (Zig:12)
  23 oklob plants
  3 frost giant zombies
  18 salamanders
  4 cyclopes
  An elephant (shapeshifter) (Zig:23)
  12 mana vipers
  A shadow dragon skeleton (Crypt:2)
  4 cyclopes (shapeshifter)
  3 tengu skeletons
  A shining eye (shapeshifter) (Depths:3)
  4 stone giant skeletons
  4 stone giant zombies
  20 elephants
  A fire giant skeleton (Zig:13)
  3 spriggan zombies
  40 black mambas
  14 rust devils
  4 moths of wrath
  An apocalypse crab (Zig:23)
  17 guardian serpents
  19 naga magi
  3 molten gargoyles (Lair:6)
  A torpor snail (shapeshifter) (Vaults:5)
  3 gargoyles (D:13)
  5 spectral swamp worms (Depths:3)
  13 vault sentinels
  A storm dragon simulacrum (Zig:11)
  16 komodo dragons
  29 cane toads
  3 elf skeletons
  10 hellions
  6 tormentors
  2 orange demons (Zig:15)
  6 smoke demons
  6 rime drakes
  3 kobold demonologists (D:12)
  A yaktaur (shapeshifter) (Elf:2)
  An anaconda simulacrum (Crypt:1)
  2 ghost moth simulacra
  2 komodo dragons (shapeshifter)
  2 demonic crawlers
  8 efreet
  65 yaktaurs
  14 freezing wraiths
  A yaktaur skeleton (Depths:1)
  10 ice devils
  2 spark wasp simulacra (Depths:2)
  2 red devils
  2 tengu conjurers
  A golden dragon simulacrum (Depths:4)
  4 hellwings
  A catoblepas skeleton (Crypt:1)
  A hydra zombie (Abyss:3)
  7 ancient zymes
  2 jumping spiders
  2 harpy zombies
  7 guardian mummies (Zig:11)
  5 polar bears
  8 trolls
  A meliai (shapeshifter) (Zig:18)
  Prince Ribbit (D:8)
  7 tyrant leeches
  A sphinx simulacrum (Zig:11)
  A tengu simulacrum (Depths:1)
  35 hornets
  7 raiju
  13 blink frogs
  51 slime creatures
  A dream sheep (shapeshifter) (Depths:2)
  A blink frog (shapeshifter) (D:15)
  A moth of wrath zombie (Crypt:2)
  A snapping turtle (Zig:14)
  17 bog bodies
  A deep troll zombie (Depths:1)
  2 fire dragon zombies (Crypt:3)
  A fire giant simulacrum (Crypt:1)
  A frost giant simulacrum (Vaults:2)
  5 redbacks (Vaults:4)
  2 ettin skeletons
  51 flying skulls
  A fire dragon skeleton (Depths:1)
  56 yaks
  4 air elementals
  3 ice dragon skeletons
  4 shadows
  Sigmund (D:2)
  A tarantella (Vaults:4)
  5 wyverns
  3 spriggan skeletons
  3 ynoxinuls
  A black mamba skeleton (Abyss:3)
  16 fire elementals
  A human (shapeshifter) (Depths:2)
  4 fire bats (Lair:4)
  3 ushabtiu (Zig:11)
  5 basilisks
  5 hogs
  13 water elementals
  Grum (D:8)
  A golden eye (shapeshifter) (Vaults:5)
  17 wraiths
  4 chaos spawn
  10 vampire mosquitoes
  A yaktaur simulacrum (Depths:1)
  3 neqoxecs
  A harpy simulacrum (Abyss:3)
  8 wargs
  45 nagas
  3 spatial vortices (Abyss:3)
  A soldier ant (Gauntlet)
  16 swamp worms
  A glowing shapeshifter zombie (Crypt:1)
  17 hell hounds
  2 cane toad zombies (Crypt:2)
  A soldier ant (shapeshifter) (Depths:5)
  7 acid dragons
  A floating eye (Lair:4)
  22 water moccasins
  41 orc warriors
  9 swamp drakes
  5 ice beasts
  6 phantoms
  5 black bears
  An eye of draining (D:6)
  An ice dragon simulacrum (Crypt:1)
  6 sky beasts
  2 ettin simulacra
  18 centaurs
  16 wolves
  14 boggarts
  34 ogres
  7 necrophages
  An elephant skeleton (Crypt:2)
  14 big kobolds
  2 human zombies
  2 yaktaur zombies
  5 elf zombies
  28 bullfrogs
  A bullfrog (shapeshifter) (Vaults:5)
  An earth elemental (Elf:1)
  A wyvern skeleton (Crypt:1)
  4 scorpions
  19 killer bees
  A warg skeleton (Crypt:2)
  16 wights
  10 howler monkeys
  11 electric eels
  5 lava snakes (Lair:6)
  A crimson imp (Abyss:3)
  A centaur zombie (D:6)
  5 quasits
  21 orc priests
  3 jellies
  5 centaur skeletons
  7 hounds
  5 iguanas
  37 orc wizards
  9 iron imps
  6 hell rats (Lair:1)
  9 worker ants
  A killer bee zombie (Crypt:1)
  A human simulacrum (Abyss:3)
  8 mummies (Zig:11)
  2 ogre skeletons
  A worker ant zombie (D:8)
  7 gnolls
  13 adders
  A river rat (D:5)
  4 shadow imps
  8 white imps
  2 ufetubi
  A halfling skeleton (Crypt:1)
  3 worms
  A worm (shapeshifter) (Depths:1)
  3 dart slugs
  2 leopard geckos
  108 orcs
  4 giant cockroaches
  5 hobgoblins
  22 jackals
  6 quokkas
  4 ball pythons
  5 frilled lizards
  9 goblins
  A hobgoblin zombie (Crypt:2)
  35 kobolds
  A kobold skeleton (Crypt:1)
  A leopard gecko zombie (D:6)
  A quokka skeleton (D:5)
  6 rats
  6 briar patches (Swamp:3)
  A bush (Lair:4)
  6 crawling corpses
  A fungus (Depths:1)
  2 plants
  3 starspawn tentacles (Abyss:3)
3149 creatures vanquished.

Vanquished Creatures (collateral kills)
  The ghost of Asajosug the Merry Gargoyle, a legendary GrBe of the Shining One (Crypt:1)
  Vashnia (Snake:2)
  Donald (Snake:1)
  A stone giant (Vaults:1)
  An orc knight (Bailey)
  2 fire bats (Lair:4)
7 creatures vanquished.

Vanquished Creatures (others)
  A fire dragon (Zig:19)
  A shambling mangrove (Zig:22)
  A dancing weapon (Elf:2)
  A shining eye (Zig:21)
  A tengu skeleton (Depths:1)
  3 apocalypse crabs (Zig:23)
  A tyrant leech (Swamp:3)
  A hornet (Swamp:4)
  An air elemental (Zig:18)
  An orc wizard (D:14)
  A kobold (D:14)
  2 briar patches (Swamp:3)
  A bush (Lair:6)
  113 fungi
  168 plants
  A starspawn tentacle (Abyss:3)
298 creatures vanquished.

Grand Total: 3454 creatures vanquished

Notes
Turn   | Place    | Note
-------+----------+-------------------------------------------
     0 | D:1      | Birvald the Gargoyle Earth Elementalist began the quest for
                  | the Orb.
     0 | D:1      | Reached XP level 1. HP: 10/10 MP: 3/3
   290 | D:1      | Reached XP level 2. HP: 13/15 MP: 3/5
  1294 | D:2      | You fall into a shaft and drop 2 floors!
  1362 | D:3      | Reached XP level 3. HP: 19/19 MP: 4/6
  1367 | D:3      | Learned a level 3 spell: Stone Arrow
  1472 | D:3      | Found a shadowy altar of Dithmenos.
  1615 | D:3      | Reached skill level 1 in Conjurations
  2038 | D:2      | Reached XP level 4. HP: 17/24 MP: 8/8
  2264 | D:2      | Gained mutation: You have supernaturally acute eyesight.
                  | (SInv) [potion of mutation]
  2264 | D:2      | Gained mutation: You are robust. (+10% HP) [potion of
                  | mutation]
  2285 | D:2      | Found a shimmering blue altar of Sif Muna.
  2349 | D:2      | Noticed Sigmund
  2373 | D:2      | Killed Sigmund
  2373 | D:2      | Reached skill level 5 in Earth Magic
  2373 | D:2      | Reached XP level 5. HP: 30/30 MP: 8/10
  2434 | D:2      | Reached XP level 6. HP: 33/35 MP: 11/11
  2842 | D:3      | Found a bloodstained altar of Trog.
  3007 | D:3      | Found a shadowy altar of Dithmenos.
  3461 | D:4      | Learned a level 5 spell: Lee's Rapid Deconstruction
  3539 | D:4      | Noticed a phantom
  3580 | D:4      | Killed a phantom
  3580 | D:4      | Reached XP level 7. HP: 39/39 MP: 8/13
  4018 | D:5      | Entered Level 5 of the Dungeon
  4210 | D:5      | Reached skill level 1 in Fighting
  4210 | D:5      | Reached skill level 1 in Armour
  4218 | D:5      | Found a glowing drain.
  4234 | D:5      | Reached XP level 8. HP: 27/47 MP: 13/15
  4238 | Sewer    | Entered a sewer
  4377 | Sewer    | Reached skill level 1 in Maces & Flails
  4477 | Sewer    | Reached skill level 1 in Evocations
  4618 | D:5      | Reached skill level 5 in Spellcasting
  4705 | D:5      | Found a glowing silver altar of Zin.
  4719 | D:5      | Reached skill level 5 in Conjurations
  5031 | D:5      | Found a staircase to the Ecumenical Temple.
  5106 | Temple   | Entered the Ecumenical Temple
  5169 | Temple   | Became a worshipper of Vehumet
  5723 | D:6      | Reached XP level 9. HP: 53/53 MP: 10/16
  5876 | D:6      | Found a snail-covered altar of Cheibriados.
  5876 | D:6      | Found a shimmering altar of Xom.
  5878 | D:6      | Found a blossoming altar of Fedhas.
  5878 | D:6      | Found an iron altar of Okawaru.
  5882 | D:6      | Found a glowing silver altar of Zin.
  5882 | D:6      | Found a sparkling altar of Nemelex Xobeh.
  6208 | D:6      | Noticed an eight-headed hydra
  6210 | D:6      | Killed an eight-headed hydra
  6378 | D:6      | Reached * piety under Vehumet
  6378 | D:6      | Offered knowledge of Magic Dart by Vehumet.
  7454 | D:7      | Reached XP level 10. HP: 47/61 MP: 18/18
  7610 | D:7      | Offered knowledge of Searing Ray by Vehumet.
  7685 | D:7      | Found a broken altar of Ashenzari.
  7738 | D:7      | Reached ** piety under Vehumet
  8959 | D:8      | Noticed Prince Ribbit
  8964 | D:8      | Killed Prince Ribbit
  9173 | D:8      | Found a basalt altar of Yredelemnul.
  9293 | D:8      | Reached skill level 5 in Armour
  9433 | D:8      | Offered knowledge of Ignite Poison by Vehumet.
  9519 | D:8      | Found a sacrificial altar of Ru.
  9579 | D:8      | Reached skill level 5 in Fighting
  9589 | D:8      | Noticed Grum
  9603 | D:8      | Killed Grum
  9969 | D:8      | Reached *** piety under Vehumet
 10401 | D:8      | Paralysed by a wight for 6 turns
 10745 | D:9      | Reached XP level 11. HP: 70/70 MP: 2/20
 11040 | D:9      | Noticed a two-headed ogre
 11047 | D:9      | Killed a two-headed ogre
 11047 | D:9      | Reached skill level 5 in Maces & Flails
 11312 | D:9      | Found a runed translucent door.
 11313 | D:9      | Noticed angryZebra's ghost (novice DrVM)
 11314 | D:9      | Identified the +9 trident of Hikoebus {antimagic, *Corrode
                  | rPois MR+++ Int+2}
 11429 | D:9      | Found an opulent altar of Gozag.
 11430 | D:9      | Found a glowing golden altar of the Shining One.
 11632 | D:10     | Entered Level 10 of the Dungeon
 11947 | D:10     | Noticed an alligator
 11954 | D:10     | Killed an alligator
 12126 | D:10     | Offered knowledge of Olgreb's Toxic Radiance by Vehumet.
 12406 | D:10     | Found a staircase to the Orcish Mines.
 13108 | D:11     | Noticed a two-headed ogre
 13129 | D:11     | Noticed a red ugly thing
 13141 | D:11     | Found a flagged portal.
 13225 | D:11     | Reached **** piety under Vehumet
 13227 | D:11     | Offered knowledge of Irradiate by Vehumet.
 13312 | D:11     | Found a staircase to the Lair.
 13342 | Bailey   | Entered a bailey
 13808 | Bailey   | Noticed an orc knight
 13980 | Bailey   | Noticed an orc knight
 13997 | Bailey   | Killed an orc knight
 13997 | Bailey   | Reached skill level 5 in Dodging
 14033 | Bailey   | Killed an orc knight
 14033 | Bailey   | Reached skill level 5 in Evocations
 14284 | D:11     | Noticed a cyan ugly thing
 14321 | D:11     | Killed a cyan ugly thing
 14496 | D:10     | Killed a red ugly thing
 14503 | D:10     | Learned a level 5 spell: Irradiate
 15026 | D:11     | Reached skill level 10 in Earth Magic
 15182 | D:11     | Reached XP level 12. HP: 78/78 MP: 14/23
 15273 | D:11     | Killed a two-headed ogre
 15600 | D:12     | Found a gate leading to a gauntlet.
 15615 | Gauntlet | Entered a Gauntlet
 15615 | Gauntlet | Found a transporter.
 15627 | Gauntlet | Found a transporter.
 15628 | Gauntlet | Found a transporter.
 15629 | Gauntlet | Found a transporter.
 15630 | Gauntlet | Noticed a queen ant
 15639 | Gauntlet | Found a transporter.
 15639 | Gauntlet | Found a transporter.
 15640 | Gauntlet | Found a transporter.
 15644 | Gauntlet | Found a runed translucent door.
 15648 | Gauntlet | Found a transporter.
 15651 | Gauntlet | Found a transporter.
 15652 | Gauntlet | Found a transporter.
 15660 | Gauntlet | Found a transporter.
 15660 | Gauntlet | Found a runed translucent door.
 15660 | Gauntlet | Noticed a sun demon
 15663 | Gauntlet | Found a transporter.
 15664 | Gauntlet | Found a transporter.
 15666 | Gauntlet | Noticed a death ooze
 15672 | Gauntlet | Found a transporter.
 16161 | Gauntlet | Identified the +9 scimitar "Woefacka" {freeze, rElec rPois
                  | Str+5 Dex-3}
 16161 | Gauntlet | Noticed a minotaur
 16166 | Gauntlet | Killed a minotaur
 16175 | Gauntlet | Got a fabulously ornate robe
 16186 | Gauntlet | Identified the cursed +1 robe of Agnosticism {Harm MR++
                  | Int-2 Dex+2} (You found it in a Gauntlet)
 16200 | Gauntlet | Identified Sif Muna's Volume of Dusty Ignition
 16208 | Gauntlet | Learned a level 5 spell: Fireball
 16294 | D:12     | Reached ***** piety under Vehumet
 16331 | D:12     | Offered knowledge of Bolt of Magma by Vehumet.
 16372 | D:12     | Learned a level 5 spell: Bolt of Magma
 16639 | D:12     | Reached skill level 1 in Fire Magic
 16796 | D:12     | Noticed a two-headed ogre
 16800 | D:12     | Killed a two-headed ogre
 17269 | D:12     | Found a runed translucent gate.
 17269 | D:12     | Found a runed translucent gate.
 17269 | D:12     | Found a runed translucent gate.
 17270 | D:12     | Identified the +8 short sword "Ultimatum" {chaos, +Rage
                  | rPois rC- Str+4}
 17271 | D:12     | Noticed ikjuyhgtrf's ghost (journeyman HOFi)
 17506 | D:12     | Identified the +5 whip of Floods {drain, rC- Str+5}
 17574 | D:13     | Noticed Azrael
 17665 | D:13     | Killed Azrael
 17840 | D:13     | Noticed a tengu warrior
 17841 | D:13     | Noticed a vault guard
 17851 | D:13     | Reached XP level 13. HP: 68/85 MP: 6/25
 17860 | D:13     | Killed a vault guard
 18035 | D:13     | Found a gate to the Vaults.
 18129 | D:13     | Noticed Snorg
 18137 | D:13     | Killed Snorg
 18137 | D:13     | Reached skill level 5 in Fire Magic
 19091 | D:14     | Found Egrabite's Antique Weapon Shop.
 19372 | D:14     | Found Perch's Gadget Emporium.
 19390 | D:14     | Identified a scroll of acquirement
 19390 | D:14     | Acquired a +2 eveningstar of draining
 19989 | D:14     | Found Nitoid's Distillery.
 20005 | D:14     | Bought a potion of curing for 45 gold pieces
 20005 | D:14     | Bought a potion of brilliance for 60 gold pieces
 20005 | D:14     | Bought 2 potions of ambrosia for 240 gold pieces
 20005 | D:14     | Bought a potion of magic for 120 gold pieces
 20005 | D:14     | Bought a potion of curing for 45 gold pieces
 20005 | D:14     | Bought a potion of curing for 45 gold pieces
 20057 | D:14     | Found Daoxen's Magic Scroll Shop.
 20061 | D:14     | Found Mouhir's Book Shop.
 20066 | D:14     | Bought a scroll of identify for 34 gold pieces
 20066 | D:14     | Bought a scroll of identify for 34 gold pieces
 20066 | D:14     | Bought a scroll of identify for 34 gold pieces
 20480 | D:14     | Found a portal to a secret trove of treasure.
 20499 | D:14     | Found a blossoming altar of Fedhas.
 20541 | D:14     | Noticed Rupert
 20543 | D:14     | Paralysed by Rupert for 7 turns
 20563 | D:14     | Killed Rupert
 20563 | D:14     | Reached skill level 10 in Conjurations
 20871 | Lair:1   | Entered Level 1 of the Lair of Beasts
 21004 | Lair:1   | Gained mutation: Your large and strong wings let you fly
                  | indefinitely. [Gargoyle growth]
 21004 | Lair:1   | Reached XP level 14. HP: 60/92 MP: 26/26
 21252 | Lair:1   | Offered knowledge of Iron Shot by Vehumet.
 21265 | Lair:1   | Learned a level 6 spell: Iron Shot
 22498 | Lair:2   | Found a staircase to the Snake Pit.
 22535 | Lair:2   | Found a runed translucent door.
 22537 | Lair:2   | Noticed Wotyac's ghost (journeyman PaFi)
 22538 | Lair:2   | Identified the +9 trident "Peleul" {venom, *Rage +Rage
                  | Str+7 Dex-3}
 24739 | Lair:3   | Found a staircase to the Swamp.
 25212 | Lair:4   | Noticed a dire elephant
 25219 | Lair:4   | Killed a dire elephant
 25546 | Lair:4   | Paralysed by a floating eye for 4 turns
 25553 | Lair:4   | Paralysed by a floating eye for 2 turns
 25556 | Lair:4   | Paralysed by a floating eye for 4 turns
 26192 | Lair:4   | Reached XP level 15. HP: 101/101 MP: 19/28
 26194 | Lair:4   | Reached skill level 10 in Fire Magic
 26194 | Lair:4   | Reached XP level 16. HP: 105/105 MP: 21/29
 26483 | Lair:4   | Acquired a book of the Tempests
 26784 | Lair:5   | Noticed Kirke
 26879 | Lair:5   | Offered knowledge of Yara's Violent Unravelling by Vehumet.
 26881 | Lair:5   | Killed Kirke
 27294 | Lair:5   | Found a viscous altar of Jiyva.
 27294 | Lair:5   | Found a staircase to the Slime Pits.
 27313 | Lair:5   | Reached skill level 10 in Fighting
 28299 | Lair:6   | Entered Level 6 of the Lair of Beasts
 29248 | Lair:6   | Noticed Josephine
 29256 | Lair:6   | Killed Josephine
 29586 | Lair:6   | Reached skill level 10 in Spellcasting
 29588 | Lair:6   | Found a large runed translucent door.
 29589 | Lair:6   | Found a large runed translucent door.
 29593 | Lair:6   | Noticed Urug
 30049 | Lair:6   | Killed Urug
 30351 | Orc:1    | Entered Level 1 of the Orcish Mines
 30587 | Orc:2    | Entered Level 2 of the Orcish Mines
 30595 | Orc:2    | Offered knowledge of Iskenderun's Battlesphere by Vehumet.
 31086 | Orc:2    | Found a staircase to the Elven Halls.
 31401 | Orc:2    | Reached ****** piety under Vehumet
 31514 | Orc:2    | Found Xuilagri's Jewellery Emporium.
 31610 | Orc:2    | Found Naipuo's Antique Weapon Emporium.
 31684 | Orc:2    | Found Resagiakonn's Armour Boutique.
 31689 | Orc:2    | Found Itej's Book Boutique.
 31945 | D:15     | Entered Level 15 of the Dungeon
 32131 | D:15     | Reached XP level 17. HP: 78/113 MP: 11/31
 32501 | D:15     | Found a staircase to the Depths.
 33479 | Snake:1  | Entered Level 1 of the Snake Pit
 33501 | Snake:1  | Noticed Aizul
 33516 | Snake:1  | Killed Aizul
 33707 | Snake:1  | Found a runed translucent door.
 33708 | Snake:1  | Noticed Xuhuq's ghost (adept DsFi)
 33835 | Snake:1  | Offered knowledge of Orb of Destruction by Vehumet.
 34045 | Snake:1  | Noticed Donald
 34050 | Snake:1  | Killed Donald
 34277 | Snake:1  | Noticed Asterion
 34289 | Snake:1  | Killed Asterion
 34801 | Snake:1  | Learned a level 8 spell: Ignition
 34923 | Snake:2  | Reached skill level 1 in Unarmed Combat
 35186 | Snake:2  | Noticed Jorgrun
 35186 | Snake:2  | Noticed Agnes
 35230 | Snake:2  | Killed Agnes
 35230 | Snake:2  | Killed Jorgrun
 35246 | Snake:1  | Reached skill level 15 in Fire Magic
 35520 | Snake:2  | Found Dygh's Distillery.
 35528 | Snake:2  | Bought a potion of curing for 36 gold pieces
 35528 | Snake:2  | Bought a potion of curing for 36 gold pieces
 35528 | Snake:2  | Bought a potion of invisibility for 96 gold pieces
 35528 | Snake:2  | Bought a potion of curing for 36 gold pieces
 35528 | Snake:2  | Bought a potion of heal wounds for 60 gold pieces
 35528 | Snake:2  | Bought a potion of heal wounds for 60 gold pieces
 35528 | Snake:2  | Bought a potion of heal wounds for 60 gold pieces
 35528 | Snake:2  | Bought a potion of might for 48 gold pieces
 35528 | Snake:2  | Bought a potion of brilliance for 48 gold pieces
 35528 | Snake:2  | Bought 2 potions of brilliance for 96 gold pieces
 35853 | Snake:2  | Noticed Vashnia
 35862 | Snake:2  | Killed Vashnia
 35867 | Snake:2  | Reached skill level 10 in Maces & Flails
 37614 | Snake:3  | Reached XP level 18. HP: 116/121 MP: 28/32
 39330 | Snake:4  | Entered Level 4 of the Snake Pit
 39360 | Snake:4  | Offered knowledge of Spellforged Servitor by Vehumet.
 39663 | Snake:4  | Noticed Bai Suzhen
 39695 | Snake:4  | Killed Bai Suzhen
 40672 | Snake:4  | Noticed Nikola
 40685 | Snake:4  | Killed Nikola
 41793 | Snake:4  | Reached XP level 19. HP: 109/127 MP: 19/34
 42378 | Snake:4  | Got a serpentine rune of Zot
 42544 | Swamp:1  | Entered Level 1 of the Swamp
 42900 | Swamp:1  | Identified the +3 leather armour of Fiebulu {*Slow rElec
                  | Int+3} (You found it on level 1 of the Swamp)
 43393 | Swamp:1  | Identified the Incunabulum of Earthen Beguiling
 43869 | Swamp:2  | Reached skill level 10 in Dodging
 44130 | Swamp:2  | Offered knowledge of Conjure Ball Lightning by Vehumet.
 46448 | Swamp:4  | Entered Level 4 of the Swamp
 46451 | Swamp:4  | Upgraded the game from 0.26-a0-658-gbdda728c12 to
                  | 0.26-a0-660-gc07710193c
 46459 | Swamp:4  | Reached XP level 20. HP: 129/136 MP: 12/35
 47247 | Swamp:4  | Reached skill level 15 in Earth Magic
 47358 | Swamp:4  | Noticed the 27-headed Lernaean hydra
 47373 | Swamp:4  | Killed the 27-headed Lernaean hydra
 47550 | Swamp:4  | Got a decaying rune of Zot
 48104 | Vaults:1 | Entered Level 1 of the Vaults
 48644 | Vaults:1 | Offered knowledge of Lehudib's Crystal Spear by Vehumet.
 48644 | Vaults:1 | Offered knowledge of Chain Lightning by Vehumet.
 48644 | Vaults:1 | Offered knowledge of Absolute Zero by Vehumet.
 49099 | Vaults:1 | Paralysed by an ogre mage for 4 turns
 49912 | Vaults:1 | Got a sparkling lead ring
 50025 | Vaults:1 | Noticed Plog's ghost (adept FeBe)
 50026 | Vaults:1 | Found the amulet of the Air {Inacc +Fly rElec EV+5 RMsl}
 50026 | Vaults:1 | Identified the ring "Zisauddi" {Wiz Str+4 Dex+3 Slay+2}
                  | (You found it on level 1 of the Vaults)
 50035 | Vaults:1 | Found a runed translucent gate.
 50035 | Vaults:1 | Found a runed translucent gate.
 50035 | Vaults:1 | Found a runed translucent gate.
 50052 | Vaults:1 | Killed Plog's ghost
 50067 | Vaults:1 | Got a transparent golden ring
 50068 | Vaults:1 | Identified the ring of Existentialism {Wiz rC+ Dex+8
                  | Stlth-} (You found it on level 1 of the Vaults)
 50204 | Vaults:2 | Found a flickering gateway to a bazaar.
 50223 | Bazaar   | Entered a bazaar
 50223 | Bazaar   | Found Ypsal's Distillery.
 50223 | Bazaar   | Found Kays's Antique Armour Emporium.
 50314 | Bazaar   | Found Ranefe's Magic Scroll Shoppe.
 50328 | Bazaar   | Found Gosuk's General Store.
 50336 | Bazaar   | Bought a scroll of teleportation for 33 gold pieces
 50336 | Bazaar   | Bought a potion of brilliance for 44 gold pieces
 50356 | Bazaar   | Bought 2 potions of curing for 84 gold pieces
 50356 | Bazaar   | Bought 2 potions of curing for 84 gold pieces
 50356 | Bazaar   | Bought a potion of magic for 112 gold pieces
 50356 | Bazaar   | Bought a potion of ambrosia for 112 gold pieces
 50360 | Bazaar   | Bought a scroll of brand weapon for 160 gold pieces
 50360 | Bazaar   | Bought a scroll of brand weapon for 160 gold pieces
 50360 | Bazaar   | Bought a scroll of brand weapon for 160 gold pieces
 50360 | Bazaar   | Bought a scroll of holy word for 60 gold pieces
 50360 | Bazaar   | Bought a scroll of identify for 16 gold pieces
 51555 | Vaults:2 | Reached XP level 21. HP: 141/141 MP: 28/37
 52402 | Vaults:3 | Found Huaq's Gadget Boutique.
 52406 | Vaults:3 | Found a shimmering altar of Xom.
 52593 | Vaults:3 | Found a staircase to the Crypt.
 52937 | Vaults:3 | Learned a level 9 spell: Shatter
 53058 | Vaults:3 | You are sucked into a shaft and drop 1 floor!
 53081 | Vaults:4 | Noticed Sojobo
 53084 | Vaults:4 | Killed Sojobo
 54073 | Vaults:4 | Reached XP level 22. HP: 138/149 MP: 32/38
 54448 | Vaults:4 | Identified the +1 leather armour "Hawkuem" {rC+ rCorr} (You
                  | found it on level 4 of the Vaults)
 55783 | Vaults:4 | Reached skill level 15 in Conjurations
 57343 | Vaults:5 | Entered Level 5 of the Vaults
 57345 | Vaults:5 | Reached XP level 23. HP: 157/157 MP: 40/40
 57352 | Vaults:5 | Noticed a golden dragon
 57575 | Vaults:5 | Noticed an ancient lich
 57576 | Vaults:5 | Killed an ancient lich
 57584 | Vaults:4 | Killed a golden dragon
 57867 | Vaults:5 | Noticed Boris
 58177 | Vaults:5 | Reached skill level 15 in Fighting
 58181 | Vaults:5 | Killed Boris
 58192 | Vaults:5 | Reached XP level 24. HP: 103/166 MP: 6/40
 58602 | Vaults:5 | Identified the cursed +0 great sword "Qyoxetox" {venom,
                  | *Noise Int+4}
 59343 | Vaults:5 | Identified the Handbook of the Oath
 59351 | Vaults:5 | Got a silver rune of Zot
 59641 | Vaults:5 | Noticed an ancient lich
 59642 | Vaults:5 | Paralysed by an ancient lich for 7 turns
 59651 | Vaults:5 | Killed an ancient lich
 61131 | Crypt:1  | Entered Level 1 of the Crypt
 61163 | Crypt:1  | Noticed Boris
 61173 | Crypt:1  | Killed Boris
 61218 | Crypt:1  | Found a runed translucent gate.
 61219 | Crypt:1  | Found a runed translucent gate.
 61483 | Crypt:1  | Found a runed translucent gate.
 61485 | Crypt:1  | Noticed Asajosug's ghost (legendary GrBe)
 61511 | Crypt:1  | Killed Asajosug's ghost
 62356 | Crypt:1  | Found a huge runed gate.
 62356 | Crypt:1  | Found a huge runed gate.
 62356 | Crypt:1  | Found a huge runed gate.
 62356 | Crypt:1  | Found a huge runed gate.
 62356 | Crypt:1  | Found a huge runed gate.
 62356 | Crypt:1  | Found a huge runed gate.
 62356 | Crypt:1  | Found a huge runed gate.
 62357 | Crypt:1  | Found a huge runed gate.
 62496 | Crypt:1  | Found a huge runed gate.
 62496 | Crypt:1  | Found a huge runed gate.
 62496 | Crypt:1  | Found a huge runed gate.
 62496 | Crypt:1  | Found a huge runed gate.
 62496 | Crypt:1  | Found a huge runed gate.
 62497 | Crypt:1  | Found a huge runed gate.
 62509 | Crypt:1  | Noticed an ancient lich
 62509 | Crypt:1  | Noticed an ancient lich
 62509 | Crypt:1  | Noticed an ancient lich
 62511 | Crypt:1  | Reached XP level 25. HP: 172/172 MP: 41/41
 62512 | Crypt:1  | Killed an ancient lich
 62514 | Crypt:1  | Killed an ancient lich
 62514 | Crypt:1  | Killed an ancient lich
 62528 | Crypt:1  | Identified Heoduhosuj's Catalogue of the Poisonous Blaze
 62941 | Crypt:2  | Reached skill level 15 in Maces & Flails
 63570 | Crypt:2  | Cast into level 3 of the Abyss (a lich)
 64226 | Crypt:2  | Escaped the Abyss
 64633 | Crypt:3  | Entered Level 3 of the Crypt
 65230 | Crypt:3  | Reached XP level 26. HP: 169/180 MP: 38/41
 65488 | Crypt:3  | Reached skill level 15 in Spellcasting
 65556 | Crypt:3  | Noticed an ancient lich
 65561 | Crypt:3  | Killed an ancient lich
 65564 | Crypt:3  | Found an ancient bone altar of Kikubaaqudgha.
 65911 | Crypt:3  | Found a staircase to the Tomb.
 66687 | Elf:1    | Entered Level 1 of the Elven Halls
 67018 | Elf:1    | You are sucked into a shaft and drop 1 floor!
 67053 | Elf:2    | Found Casy's Armour Shop.
 67103 | Elf:2    | Identified the amulet of Ceqoevv Ziuf {Spirit Str+5 Int-3
                  | SInv}
 67734 | Elf:1    | Identified the Papyrus of Necromancy
 68189 | Elf:2    | Found a runed translucent gate.
 68189 | Elf:2    | Found a runed translucent gate.
 68190 | Elf:2    | Found a runed translucent gate.
 69246 | Elf:3    | Entered Level 3 of the Elven Halls
 69641 | Elf:3    | Reached XP level 27. HP: 155/189 MP: 31/42
 69693 | Elf:3    | Identified the +6 battleaxe "Jutibb" {antimagic, Str+3}
 69693 | Elf:3    | Identified the +1 leather armour "Akyt" {Dex+4}
 69693 | Elf:3    | Identified the ring of Poumn {rF+++ Str-2 Int-3 Dex+6 SInv}
 69831 | Elf:3    | Got a coiled zirconium amulet
 69832 | Elf:3    | Identified the amulet "Naucs" {Inacc rPois} (You found it
                  | on level 3 of the Elven Halls)
 69844 | Elf:3    | Got a warped brass ring
 69845 | Elf:3    | Identified the ring "Omaokhiq" {*Tele Dex+3} (You found it
                  | on level 3 of the Elven Halls)
 70892 | Depths:1 | Entered Level 1 of the Depths
 71058 | Depths:1 | Found a gateway to Hell.
 71622 | Depths:1 | Found a runed translucent door.
 72408 | Depths:2 | Found an opulent altar of Gozag.
 73221 | D:12     | Killed ikjuyhgtrf's ghost
 73452 | D:9      | Killed angryZebra's ghost
 73720 | Lair:2   | Killed Wotyac's ghost
 73749 | Lair:2   | Identified a +2 pair of boots of running (You found it on
                  | level 2 of the Lair of Beasts)
 74768 | Depths:2 | Found Tepatig's Gadget Emporium.
 74932 | Depths:2 | Found the ring of the Octopus King
 74937 | Depths:2 | Got a ring of the Octopus King
 74938 | Depths:2 | Identified a ring of the Octopus King {MP+9 AC+1 EV+1 Str+1
                  | Int+1 Dex+1} (You found it on level 2 of the Depths)
 74943 | Depths:2 | Identified the +9 quarterstaff of the Ass {elec, rC+} (You
                  | found it on level 2 of the Depths)
 75159 | Depths:2 | Noticed a juggernaut
 75164 | Depths:2 | Killed a juggernaut
 76782 | Depths:3 | Found a gateway to a ziggurat.
 76846 | Depths:3 | Noticed Jory
 76857 | Depths:3 | Killed Jory
 77287 | Depths:3 | Found Jumuoce's Gadget Shoppe.
 77288 | Depths:3 | Found Ikygh's Jewellery Boutique.
 77290 | Depths:3 | Found Heido's Gadget Shoppe.
 77350 | Depths:3 | Reached skill level 15 in Dodging
 77353 | Depths:3 | Reached skill level 10 in Evocations
 77372 | Depths:3 | Found a one-way gate leading to the halls of Pandemonium.
 77830 | Depths:3 | You are sucked into a shaft and drop 2 floors!
 77830 | Depths:5 | Entered Level 5 of the Depths
 77851 | Depths:5 | Noticed Mennas
 77857 | Depths:5 | Found a gate to the Realm of Zot.
 77968 | Depths:4 | Found a one-way gate to the infinite horrors of the Abyss.
 77968 | Depths:4 | Found a corrupted altar of Lugonu.
 78701 | Depths:3 | Found a runed translucent gate.
 78702 | Depths:3 | Found a runed translucent gate.
 78923 | Depths:3 | Identified the +3 leather armour "Soff" {MR+ Int+4} (You
                  | found it on level 3 of the Depths)
 78952 | Depths:3 | Found a runed translucent gate.
 78952 | Depths:3 | Found a runed translucent gate.
 78952 | Depths:3 | Found a runed translucent gate.
 79108 | Depths:3 | Found a runed translucent gate.
 79313 | Depths:4 | Noticed Margery
 79317 | Depths:4 | Killed Margery
 79575 | Depths:4 | You are sucked into a shaft and drop 1 floor!
 80819 | Depths:4 | Learned a level 8 spell: Lehudib's Crystal Spear
 80825 | Depths:4 | Learned a level 5 spell: Borgnjor's Vile Clutch
 80863 | Depths:5 | Noticed Boris
 80868 | Depths:5 | Killed Boris
 81413 | Depths:5 | Killed Mennas
 82119 | Depths:5 | Got a jewelled helmet
 82120 | Depths:5 | Identified the +2 helmet of the Desert {Dex+7} (You found
                  | it on level 5 of the Depths)
 82190 | Zig:1    | Entered Level 1 of a ziggurat
 82240 | Zig:2    | Entered Level 2 of a ziggurat
 82269 | Zig:3    | Entered Level 3 of a ziggurat
 82284 | Zig:4    | Entered Level 4 of a ziggurat
 82316 | Zig:5    | Entered Level 5 of a ziggurat
 82400 | Zig:6    | Entered Level 6 of a ziggurat
 82437 | Zig:7    | Entered Level 7 of a ziggurat
 82442 | Zig:7    | Noticed an orb of fire
 82452 | Zig:7    | Gained mutation: Your magical capacity is low. (-10% MP)
                  | [an orb of fire]
 82462 | Zig:7    | Gained mutation: You occasionally shout uncontrollably at
                  | your foes. [an orb of fire]
 82468 | Zig:7    | Killed an orb of fire
 82659 | Zig:7    | Found the brooch of Shielding {Spirit SH+8}
 82682 | Zig:7    | Identified the cursed -1 helmet "Ehoappen" {Rampage Stlth+}
                  | (You found it on level 7 of a ziggurat)
 82690 | Zig:8    | Entered Level 8 of a ziggurat
 82726 | Zig:8    | Identified Pudo's Collected Works on the Ensnaring
                  | Traveller
 82746 | Zig:9    | Entered Level 9 of a ziggurat
 82798 | Zig:9    | Got a pitted bronze ring
 82799 | Zig:9    | Identified the ring of Zeis {rF+ rN+ Dex+6} (You found it
                  | on level 9 of a ziggurat)
 82804 | Zig:10   | Entered Level 10 of a ziggurat
 82811 | Zig:10   | Noticed an ancient lich
 82813 | Zig:10   | Reached skill level 1 in Necromancy
 82814 | Zig:10   | Killed an ancient lich
 82866 | Zig:11   | Entered Level 11 of a ziggurat
 83158 | Zig:12   | Entered Level 12 of a ziggurat
 83196 | Zig:12   | Identified the cursed +1 leather armour of Yzxidox {Int+4}
                  | (You found it on level 12 of a ziggurat)
 83204 | Zig:12   | Got a shimmering golden amulet
 83205 | Zig:12   | Identified the amulet "Vidwue Orhu" {Reflect +Blink rC+ rN+
                  | Int-4 SH+5} (You found it on level 12 of a ziggurat)
 83210 | Zig:13   | Entered Level 13 of a ziggurat
 83391 | Zig:14   | Entered Level 14 of a ziggurat
 83407 | Zig:14   | Reached skill level 5 in Necromancy
 83480 | Zig:14   | Identified the Papyrus of Mutualism
 83492 | Zig:14   | Got a transparent copper ring
 83493 | Zig:14   | Identified the ring "Pyeduul" {rN+ Str+5 Dex+4 Stlth-} (You
                  | found it on level 14 of a ziggurat)
 83509 | Zig:14   | Got a fine ruby amulet
 83510 | Zig:14   | Identified the amulet "Polureamp" {Reflect *Corrode rElec
                  | Slay+2 SH+5} (You found it on level 14 of a ziggurat)
 83515 | Zig:14   | Got a shimmering copper ring
 83523 | Zig:14   | Identified the ring "Dowkek" {*Slow Dex+6 Stlth-} (You
                  | found it on level 14 of a ziggurat)
 83528 | Zig:15   | Entered Level 15 of a ziggurat
 83542 | Zig:15   | Noticed Giyll the pandemonium lord
 83552 | Zig:15   | Killed Giyll the pandemonium lord
 83798 | Zig:16   | Entered Level 16 of a ziggurat
 83969 | Zig:16   | Got an ancient amber ring
 83970 | Zig:16   | Identified the ring of Uby Urr {rPois Int+6} (You found it
                  | on level 16 of a ziggurat)
 83974 | Zig:16   | Got a wavering graven amulet
 83975 | Zig:16   | Identified the amulet "Boequg" {Reflect MR+ SH+5} (You
                  | found it on level 16 of a ziggurat)
 83997 | Zig:16   | Got an ancient bone ring
 83998 | Zig:16   | Identified the ring of Xusimm {EV+4 Str+2} (You found it on
                  | level 16 of a ziggurat)
 84014 | Zig:16   | Got a clouded pewter ring
 84015 | Zig:16   | Identified the ring "Ongolo" {Wiz rElec rC+} (You found it
                  | on level 16 of a ziggurat)
 84022 | Zig:17   | Entered Level 17 of a ziggurat
 84427 | Zig:17   | Found the +7 captain's cutlass {speed, disarm}
 84551 | Zig:17   | Identified the Papyrus of Poisonous Summoning
 84557 | Zig:18   | Entered Level 18 of a ziggurat
 84793 | Zig:18   | Identified the +2 cloak of the Valley of Death {rC+ Regen+}
                  | (You found it on level 18 of a ziggurat)
 84827 | Zig:19   | Entered Level 19 of a ziggurat
 84834 | Zig:19   | Noticed an orb of fire
 84837 | Zig:19   | Noticed an orb of fire
 84837 | Zig:19   | Noticed an orb of fire
 84838 | Zig:19   | Lost mutation: You are robust. (+10% HP) [an orb of fire]
 84839 | Zig:19   | Gained mutation: You are weak. (Str -2) [an orb of fire]
 84845 | Zig:19   | Noticed an orb of fire
 84849 | Zig:19   | Killed an orb of fire
 84851 | Zig:19   | Killed an orb of fire
 84852 | Zig:19   | Killed an orb of fire
 84852 | Zig:19   | Gained mutation: Your magical capacity is very low. (-20%
                  | MP) [an orb of fire]
 84854 | Zig:19   | Killed an orb of fire
 84987 | Zig:19   | Lost mutation: You have supernaturally acute eyesight.
                  | (SInv) [potion of mutation]
 84987 | Zig:19   | Lost mutation: You are weak. (Str -2) [potion of mutation]
 84987 | Zig:19   | Lost mutation: Your magical capacity is very low. (-20% MP)
                  | [potion of mutation]
 84987 | Zig:19   | Lost mutation: Your magical capacity is low. (-10% MP)
                  | [potion of mutation]
 84987 | Zig:19   | Gained mutation: Scrolls take you a little longer to read.
                  | [potion of mutation]
 84987 | Zig:19   | Gained mutation: Your mind is acute. (Int +2) [potion of
                  | mutation]
 84988 | Zig:19   | Lost mutation: You occasionally shout uncontrollably at
                  | your foes. [potion of mutation]
 84988 | Zig:19   | Lost mutation: Scrolls take you a little longer to read.
                  | [potion of mutation]
 84988 | Zig:19   | Lost mutation: Your mind is acute. (Int +2) [potion of
                  | mutation]
 84988 | Zig:19   | Gained mutation: Your flesh is cold resistant. (rC+)
                  | [potion of mutation]
 84988 | Zig:19   | Gained mutation: Scrolls take you a little longer to read.
                  | [potion of mutation]
 84988 | Zig:19   | Lost mutation: Scrolls take you a little longer to read.
                  | [potion of mutation]
 84988 | Zig:19   | Gained mutation: You possess an exceptional clarity of
                  | mind. [potion of mutation]
 85072 | Zig:20   | Entered Level 20 of a ziggurat
 85083 | Zig:20   | Noticed a greater mummy
 85085 | Zig:20   | Noticed a greater mummy
 85090 | Zig:20   | Noticed a greater mummy
 85097 | Zig:20   | Noticed a greater mummy
 85097 | Zig:20   | Noticed a greater mummy
 85101 | Zig:21   | Entered Level 21 of a ziggurat
 85322 | Zig:21   | Found the +7 lajatang of Order {silver, rMut}
 85335 | Zig:21   | Got a vibrating brass ring
 85336 | Zig:21   | Identified the ring of the Eagle {rElec MR+} (You found it
                  | on level 21 of a ziggurat)
 85405 | Zig:22   | Entered Level 22 of a ziggurat
 85431 | Zig:22   | Reached skill level 10 in Necromancy
 85440 | Zig:22   | Found the +7 sceptre of Torment {pain, torment}
 85493 | Zig:22   | Identified the +7 morningstar of Radicalism {venom, rC+}
                  | (You found it on level 22 of a ziggurat)
 85511 | Zig:22   | Got a clouded bone ring
 85512 | Zig:22   | Identified the ring of Saolinul {rF+ rN++ MP+9 EV+4 SInv}
                  | (You found it on level 22 of a ziggurat)
 85559 | Zig:23   | Entered Level 23 of a ziggurat
 85574 | Zig:23   | Noticed Upre Wamp the pandemonium lord
 85574 | Zig:23   | Noticed Kukhe the pandemonium lord
 85575 | Zig:23   | Noticed Muadoc the pandemonium lord
 85575 | Zig:23   | Noticed Baathru the pandemonium lord
 85575 | Zig:23   | Noticed Viuvitet the pandemonium lord
 85575 | Zig:23   | Noticed Nenenk the pandemonium lord
 85576 | Zig:23   | Noticed Qatsoelo the pandemonium lord
 85576 | Zig:23   | Noticed Ufrijeze the pandemonium lord
 85576 | Zig:23   | Noticed Iskudy the pandemonium lord
 85576 | Zig:23   | Noticed Zeas Uma the pandemonium lord
 85576 | Zig:23   | Noticed Plog the pandemonium lord
 85576 | Zig:23   | Noticed Vuyn Osio the pandemonium lord
 85576 | Zig:23   | Noticed Fuiweje the pandemonium lord
 85576 | Zig:23   | Noticed Rirunee the pandemonium lord
 85576 | Zig:23   | Noticed Xidghanto the pandemonium lord
 85576 | Zig:23   | Noticed Eskom the pandemonium lord
 85576 | Zig:23   | Noticed Weunedgh the pandemonium lord
 85576 | Zig:23   | Noticed Witiunuw the pandemonium lord
 85576 | Zig:23   | Noticed Pewokay the pandemonium lord
 85578 | Zig:23   | Killed Zeas Uma the pandemonium lord
 85578 | Zig:23   | Killed Qatsoelo the pandemonium lord
 85578 | Zig:23   | Killed Nenenk the pandemonium lord
 85578 | Zig:23   | Killed Eskom the pandemonium lord
 85579 | Zig:23   | Killed Baathru the pandemonium lord
 85581 | Zig:23   | Paralysed by Upre Wamp for 2 turns
 85581 | Zig:23   | Mangled by Upre Wamp the pandemonium lord

Illustrated notes

Levels and vault maps discovered:
D:1:      tarquinn_simple_flora_water_c, layout_basic, roderic_lattice_a,
          minmay_liquid_box, corexii_leaking_fountain
D:2:      layout_basic, minmay_misc_feat_four_crosses, lemuel_blue_sif_altar,
          uniq_sigmund
D:3:      layout_basic, marbit_many_paths, lightli_temple_of_fire,
          grunt_ministairs_6, columned_hall_lemuel,
          nicolae_dithmenos_through_a_glass_darkly
D:4:      layout_rooms
D:5:      layout_rooms, minmay_temple_entry_large_hall,
          cheibrodos_sewer_entry_sluice, basic_altar
D:6:      layout_basic, grunt_temple_overflow_open,
          hangedman_decor_diamond_cutter, kb_rosetta
D:7:      layout_basic, overflow_temple_1_default, feat_on_display
D:8:      layout_loops_corners, nicolae_ru_sacrificial_ziggurat,
          lemuel_coloured_pillars_altar, grunt_ministairs_4,
          nicolae_zen_rock_garden, minmay_fractal_squares_diagonal_5, uniq_grum,
          uniq_prince_ribbit1
D:9:      layout_cave_pods, gammafunk_temple_overflow_pools,
          ebering_ghost_funeral_grove
D:10:     layout_roguey, erik_orc_2
D:11:     layout_big_octagon, erik_lair_orcish_takeover, enter_bailey_6
D:12:     layout_cave_pods, gammafunk_ghost_nasty_kobolds,
          gauntlet_entry_generic
D:13:     layout_loops_ring, david_vaults_5, uniq_snorg, uniq_azrael
D:14:     layout_roguey, enter_trove_3, fedhas_altar_3, serial_shops,
          shop_fountains, shop, shop, shop, shop, minmay_increasing_density,
          uniq_rupert
D:15:     hangedman_depths_entry_civil_slaughter, layout_basic,
          chequers_serial_rivers_micro_c
Temple:   dpeg_three_leaves_temple
Lair:1:   layout_gridlike, infiniplex_staircase_pool_2
Lair:2:   layout_chaotic_city, guppyfry_snake_entry_garden, serial_bayou,
          serial_bayou_pond_d, serial_bayou_pond_c, serial_bayou_lake_a,
          serial_bayou_pond_a, serial_bayou_shore_a, serial_bayou_pond_d,
          ebering_ghost_funeral_grove, serial_bayou_shore_b
Lair:3:   layout_layer_cave, nicolae_swamp_entry_splash_gauntlet
Lair:4:   beast_lair_carwin_large_4, layout_gridlike,
          eino_small_chamber_without_monster, nicolae_quartered_pool_medium,
          disabler_island
Lair:5:   layout_small_grid, dpeg_slime_entry_enclosed_altar,
          portal_ice_cave_entry_animals_and_master, grunt_megastairs_5,
          serial_bayou_shore_b, uniq_kirke
Lair:6:   cheibrodos_lair_end_hotspot, layout_loops_ring, serial_bayou_ford_a,
          uniq_urug, uniq_josephine
Swamp:1:  layout_falls_marsh, evilmike_swamp_ruin_house_6, swamp_pool3
Swamp:2:  layout_falls_marsh, evilmike_swamp_ruin_house_3
Swamp:3:  layout_falls_marsh, evilmike_swamp_ruin_wall
Swamp:4:  swamp_old_school, layout_basic_swamp
Snake:1:  layout_concentric_octagons, ebering_ghost_inner_flame, uniq_donald,
          uniq_asterion, uniq_aizul
Snake:2:  layout_layer_cave, serial_shops,
          nicolae_shop_competitors_out_of_business, uniq_vashnia, uniq_agnes,
          uniq_jorgrun
Snake:3:  layout_honeycomb, grunt_ministairs_1
Snake:4:  grunt_snake_rune_serpentine_throne, layout_misc_corridors,
          uniq_bai_suzhen, uniq_nikola
Orc:1:    layout_caves
Orc:2:    st_orc_elflike, layout_diamond_mine
Elf:1:    elf_arrival_001, layout_gridlike, minmay_elf_necromancy,
          due_unseen_surprise, grunt_megastairs_4
Elf:2:    layout_onion_city, serial_shops, shop
Elf:3:    elf_hall, layout_geoelf_castle
Vaults:1: gammafunk_vaults_ghost_split, v_misc_18,
          nicolae_vaults_three_branches, nicolae_vaults_yaktaur_gun_rack,
          vaults_room_grunt_arrival_ludios, vaults_dpeg_ring,
          layout_vaults_quadrants
Vaults:2: nicolae_vaults_network_barrier, v_misc_29, v_misc_30, v_misc_8,
          v_misc_5, hangedman_vaults_cutoff, hangedman_vaults_stagger,
          vaults_room_hallway, vaults_room_semicircle, layout_vaults_omnicross,
          serial_shops, bzr_entry_customers
Vaults:3: nicolae_vaults_rhombus_5, minmay_crypt_entry_simple_statues,
          v_rooms_3, hangedman_vaults_snaps, v_misc_19, dpeg_vaults_monster_row,
          hangedman_vaults_nodes, nicolae_vaults_border_crossing,
          layout_vaults_chaotic_city, basic_altar, serial_shops,
          nicolae_shop_window_shopping
Vaults:4: nicolae_vaults_inception_network, vaults_room_octagon,
          nicolae_vaults_triangles, nicolae_vaults_big_angled_halls, v_misc_27,
          nicolae_vaults_little_squares_4, ontoclasm_vaults_pinch,
          nicolae_vaults_what_the_h, nicolae_vaults_big_ls, v_misc_4,
          v_pattern_3, ontoclasm_vaults_hangar, grunt_vaults_hallway_long,
          layout_vaults_omnibox, uniq_sojobo
Vaults:5: uniq_boris
Crypt:1:  layout_regular_city, gammafunk_ghost_necromancy, door_vault
Crypt:2:  layout_misc_corridors, evilmike_ambush [evilmike_ambush_outer_doors,
          evilmike_ambush_inner_basic]
Crypt:3:  cryptofortress_bobbens
Depths:1: mu_elephants_graveyard, layout_basic, hell_entry, hex_tiny,
          minmay_hidden_floor
Depths:2: little_maze_vault, layout_basic, serial_shops, kennysheep_little_box,
          serial_rivers, chequers_serial_rivers_room_b,
          chequers_serial_rivers_micro_d, chequers_serial_rivers_room_b,
          chequers_serial_rivers_micro_a, chequers_serial_rivers_micro_a,
          chequers_serial_rivers_small_b, grunt_hell_entry_dis_mu,
          kennysheep_flooded_box, minmay_staircase_bubble
Depths:3: kennysheep_treasure_stockpile, layout_cave_shapes, enter_ziggurat_c,
          pf_hell_entry_tar_river, grunt_pan_entry_zigzag,
          chequers_serial_rivers_micro_b, drop_trap, minmay_shop_grove,
          infiniplex_staircase_pillars_3b, uniq_jory
Depths:4: minmay_bubble_buster, layout_basic, chequers_serial_rivers_micro_c,
          abyss_entry_flame_altar, grunt_metal_band
Depths:5: grunt_zot_entry_bicorn, layout_basic, pf_coc_iceberg,
          ebering_dispersal_statue_hall, grunt_megastairs_2, uniq_mennas
Zig:23:   ziggurat_pillar_d, ziggurat_pillar_d, ziggurat_pillar_d,
          ziggurat_pillar_d

Skill      XL: |  1  2  3  4  5  6  7  8  9 10 11 12 13 14 15 16 17 18 19 20 21 22 23 24 25 26 27 |
---------------+----------------------------------------------------------------------------------+-----
Earth Magic    | 4 5 6 7 8 9 10 11 12 13 14 15 16 17 18 19 22 | 22.0
Conjurations   | 1 2 4 5 6 7 8 9 10 11 12 13 14 15 16 17 23 | 23.6
Spellcasting   | 3 4 5 6 7 8 9 10 11 12 13 14 15 22 | 22.7
Fighting       | 1 2 4 5 6 7 8 9 10 11 12 13 14 15 16 17 23 | 23.3
Armour         | 1 2 4 5 6 |  6.0
Maces & Flails | 2 3 4 6 7 8 9 10 11 12 13 14 15 16 | 16.0
Dodging        | 2 3 4 5 6 7 8 9 10 11 12 13 14 15 | 15.0
Evocations     | 2 3 4 5 6 7 10 | 10.0
Fire Magic     | 4 6 9 10 13 15 16 17 18 19 20 21 22 | 22.0
Unarmed Combat | 2 |  2.0
Necromancy     | 11 | 11.2
Stealth        | |  2.1
Transmutations | |  0.7

Action                   |  1- 3 |  4- 6 |  7- 9 | 10-12 | 13-15 | 16-18 | 19-21 | 22-24 | 25-27 || total
-------------------------+-------+-------+-------+-------+-------+-------+-------+-------+-------++-------
Melee: Club              |    57 |       |       |       |       |       |       |       |       ||    57
       Dagger            |    31 |    85 |       |       |       |       |       |       |       ||   116
       Short sword       |       |    57 |   169 |       |       |       |       |       |       ||   226
       Flail             |       |       |   164 |   417 |    75 |       |       |       |       ||   656
       Eveningstar       |       |       |       |       |   400 |   896 |   570 |   352 |  1099 ||  3317
       Unarmed           |       |       |       |       |       |    12 |       |       |       ||    12
       Punch             |       |       |       |       |       |     1 |     6 |     5 |     5 ||    17
 Cast: Sandblast         |    13 |    13 |    25 |    77 |    14 |    11 |     4 |       |       ||   157
       Stone Arrow       |       |       |     8 |   110 |    14 |    11 |     1 |       |     1 ||   145
       Lee's Rapid Decon |       |       |    10 |    53 |    19 |    37 |    19 |     8 |    23 ||   169
       Bolt of Magma     |       |       |       |    15 |    28 |    40 |    23 |     1 |       ||   107
       Irradiate         |       |       |       |       |    12 |    30 |     2 |       |       ||    44
       Iron Shot         |       |       |       |       |    11 |    90 |   110 |    73 |   113 ||   397
       Fireball          |       |       |       |       |     5 |     6 |       |       |       ||    11
       Ignition          |       |       |       |       |       |    21 |    88 |    50 |   126 ||   285
       Shatter           |       |       |       |       |       |       |       |    48 |   283 ||   331
       Lehudib's Crystal |       |       |       |       |       |       |       |       |     5 ||     5
       Borgnjor's Vile C |       |       |       |       |       |       |       |       |     2 ||     2
 Abil: Fly               |       |       |       |       |     1 |       |       |       |       ||     1
Evoke: Wand              |       |     4 |     7 |    20 |    10 |     9 |     1 |       |     8 ||    59
       Phantom mirror    |       |       |       |     1 |       |     2 |     1 |       |       ||     4
       Condenser vane    |       |       |       |       |     2 |     5 |     2 |     1 |    12 ||    22
       Tin of tremorston |       |       |       |       |       |     4 |       |       |     2 ||     6
  Use: Scroll            |     5 |     5 |     5 |    15 |    12 |     6 |    12 |     5 |    70 ||   135
       Potion            |       |     1 |       |     7 |     8 |     9 |       |     7 |    32 ||    64
 Stab: Sleeping          |     3 |     2 |     6 |     2 |     3 |     4 |     3 |     1 |     1 ||    25
       Distracted        |       |       |       |       |       |     1 |       |       |     1 ||     2
Armor: Robe              |    15 |    76 |   207 |   298 |   335 |   575 |   432 |   197 |   729 ||  2864
Dodge: Dodged            |    58 |   114 |   287 |   484 |   451 |   801 |   569 |   308 |  1138 ||  4210
Block: Other             |       |       |       |       |   127 |   258 |   155 |    80 |   223 ||   843
       Reflection        |       |       |       |       |     3 |    17 |     7 |    10 |     8 ||    45

Table legend: (Time is in decaauts)
 A = Elapsed time spent in this place.
 B = Non-inter-level travel time spent in this place.
 C = Inter-level travel time spent in this place.
 D = Time resting spent in this place.
 E = Time spent auto-exploring this place.
 F = Levels seen in this place.
 G = Mean time per level.
                   A        B        C        D        E       F      G
               +--------+--------+--------+--------+--------+-----+--------+
         Total |  84962 |  79269 |   5693 |  21008 |  42405 |  76 | 1117.9 |
       Dungeon |  22792 |  20164 |   2628 |   4571 |  11416 |  15 | 1519.5 |
        Temple |     72 |     63 |      9 |      0 |     56 |   1 |   72.0 |
          Lair |  10034 |   9263 |    771 |   1465 |   6003 |   6 | 1672.3 |
         Swamp |   5382 |   5088 |    294 |   1373 |   2863 |   4 | 1345.5 |
     Snake Pit |   9052 |   8514 |    538 |   2221 |   4928 |   4 | 2263.0 |
  Orcish Mines |   1583 |   1370 |    213 |     87 |   1012 |   2 |  791.5 |
   Elven Halls |   3982 |   3766 |    216 |    838 |   2128 |   3 | 1327.3 |
        Vaults |  13222 |  12709 |    513 |   4310 |   6643 |   5 | 2644.4 |
         Crypt |   3828 |   3662 |    166 |    574 |   2071 |   3 | 1276.0 |
        Depths |   9095 |   8752 |    343 |   2675 |   4347 |   5 | 1819.0 |
         Abyss |    624 |    624 |      0 |    192 |    164 |   1 |  624.0 |
      Ziggurat |   3234 |   3234 |      0 |   1883 |      0 |  23 |  140.6 |
        Bazaar |    155 |    155 |      0 |      0 |    112 |   1 |  155.0 |
         Sewer |    355 |    355 |      0 |    128 |    167 |   1 |  355.0 |
        Bailey |    939 |    939 |      0 |    378 |    363 |   1 |  939.0 |
      Gauntlet |    606 |    606 |      0 |    311 |    129 |   1 |  606.0 |
               +--------+--------+--------+--------+--------+-----+--------+

Top non-repeatable levels by time:
Vaults:4: 4552 daAuts
Vaults:3: 2978 daAuts
Depths:2: 2885 daAuts
 Snake:3: 2636 daAuts
 Snake:4: 2428 daAuts
    D:10: 2245 daAuts
Vaults:1: 2226 daAuts
    D:15: 2210 daAuts
 Snake:2: 2152 daAuts
Depths:3: 2091 daAuts
  Lair:3: 2061 daAuts
    D:14: 2056 daAuts
Depths:4: 2014 daAuts
     D:6: 1900 daAuts
 Swamp:3: 1852 daAuts
